 Dungeon Crawl Stone Soup version 0.22-a0-558-gc2241811a9 (webtiles) character file.

409 Kholdaimon the Shield-Bearer (level 6, -1/56 HPs)
             Began as a Minotaur Fighter on June 27, 2018.
             Slain by a slave (2 damage)
             ... led by Pikel
             ... on level 4 of the Dungeon.
             The game lasted 00:11:34 (2714 turns).

Kholdaimon the Shield-Bearer (Minotaur Fighter)     Turns: 2714, Time: 00:11:34

Health: -1/56      AC: 11    Str: 20    XL:     6   Next: 58%
Magic:  5/5        EV:  5    Int:  7    God:
Gold:   227        SH: 10    Dex: 10    Spells: 5/5 levels left

rFire    . . .     SeeInvis .   a - +0 war axe
rCold    . . .     Gourm    .   c - +0 shield
rNeg     . . .     Faith    .   e - +0 chain mail
rPois    .         Spirit   .   (helmet restricted)
rElec    .         Reflect  .   (no cloak)
rCorr    .         Harm     .   (no gloves)
MR       .....                  k - +0 pair of boots
Stlth    ..........             (no amulet)
HPRegen  0.18/turn              (no ring)
MPRegen  0.09/turn              (no ring)

@: no status effects
A: retaliatory headbutt, horns 2
a: no special abilities


You were on level 4 of the Dungeon.
You were not hungry.

You visited 1 branch of the dungeon, and saw 4 of its levels.

You collected 227 gold pieces.

Inventory:

Hand Weapons
 a - a +0 war axe (weapon)
 m - a +0 hunting sling
 w - a +0 hunting sling
 y - a +0 morningstar of protection
 E - a +1 flail of venom
 F - a +1 trident of venom
Missiles
 b - 119 stones (quivered)
 g - 19 bolts
 v - 25 sling bullets
 x - 7 curare-tipped needles
Armour
 c - a +0 shield (worn)
 e - a +0 chain mail (worn)
 k - a +0 pair of boots (worn)
Jewellery
 n - an uncursed ring of poison resistance {unknown}
 o - a +2 ring of dexterity {unknown}
 t - an uncursed amulet of harm {unknown}
Scrolls
 i - a scroll of amnesia {unknown}
 q - a scroll of blinking {unknown}
 r - a scroll of magic mapping {unknown}
 s - a scroll of fear {unknown}
 C - a scroll of identify {unknown}
 D - 2 scrolls of teleportation {unknown}
Potions
 d - a potion of might
 h - a potion of invisibility {unknown}
 l - 2 potions of flight {unknown}
 p - 3 potions of heal wounds {unknown}
 u - a potion of lignification {unknown}
 z - a potion of ambrosia {unknown}
 A - a potion of resistance {unknown}
 B - a potion of berserk rage {unknown}
Comestibles
 f - 6 rations


   Skills:
 + Level 5.4 Fighting
 + Level 4.7 Axes
 + Level 5.4 Armour
 + Level 5.4 Shields


You had 5 spell levels left.
You didn't know any spells.
Your spell library was empty.

Dungeon Overview and Level Annotations

Branches:
Dungeon (4/15)
 Temple: D:4-7

Altars:
Trog

Annotations:
D:4 Pikel


Innate Abilities, Weirdness & Mutations

You reflexively headbutt those who attack you in melee.
You have a pair of horns on your head.


Message History

* * * LOW HITPOINT WARNING * * *
The slave hits you.
* * * LOW HITPOINT WARNING * * *
You block the slave's attack.
You closely miss Pikel. Your headbutt misses Pikel.
Pikel is severely wounded.
You closely miss the slave. x2; Pikel hits you with a whip of freezing.
* * * LOW HITPOINT WARNING * * *
Pikel freezes you.
* * * LOW HITPOINT WARNING * * *
The slave hits you.
* * * LOW HITPOINT WARNING * * *
You block the slave's attack. Pikel hits you but does no damage.
The slave hits you.
* * * LOW HITPOINT WARNING * * *
You hit Pikel.
Pikel is almost dead.
You closely miss the slave. x2; You block the slave's attack.
You block Pikel's attack. You block the slave's attack. The slave hits you.
You die...

# ##. ##..
...# #.. .
#.## .p.
#.###..#
#@KS...#
#ppp...#
##......#
.......#
.........
........%#
...##..##.
.##.# .##


You could see Pikel, 3 slaves and an adder.

Vanquished Creatures
  Sigmund (D:2)
  A slave (D:3)
  An orc wizard (D:3)
  Natasha (thrice) (D:2)
  A worker ant (D:3)
  2 adders (D:2)
  4 worms (D:2)
  A dart slug (D:1)
  4 leopard geckos
  6 orcs (D:3)
  3 giant cockroaches (D:2)
  8 goblins
  5 hobgoblins
  4 jackals (D:1)
  10 kobolds
  2 quokkas (D:3)
  3 ball pythons
  6 bats
  2 frilled lizards
  10 rats
77 creatures vanquished.

Notes
Turn   | Place    | Note
-------+----------+-------------------------------------------
     0 | D:1      | Kholdaimon the Minotaur Fighter began the quest for the Orb.
     0 | D:1      | Reached XP level 1. HP: 19/19 MP: 0/0
   169 | D:1      | Reached XP level 2. HP: 27/27 MP: 1/1
   912 | D:2      | Reached XP level 3. HP: 33/33 MP: 2/2
   940 | D:2      | Noticed Natasha
   949 | D:2      | Killed Natasha
  1127 | D:2      | Noticed a moth of wrath
  1158 | D:2      | Noticed Natasha
  1164 | D:2      | Reached XP level 4. HP: 30/40 MP: 3/3
  1168 | D:2      | Killed Natasha
  1378 | D:2      | Noticed Sigmund
  1383 | D:2      | Killed Sigmund
  1383 | D:2      | Reached skill level 5 in Fighting
  1383 | D:2      | Reached skill level 5 in Armour
  1383 | D:2      | Reached skill level 5 in Shields
  1383 | D:2      | Reached XP level 5. HP: 48/48 MP: 4/4
  1383 | D:2      | Reached XP level 6. HP: 56/56 MP: 5/5
  1437 | D:2      | Found a bloodstained altar of Trog.
  1473 | D:2      | Noticed Natasha
  1479 | D:2      | Killed Natasha
  2558 | D:4      | Noticed a slave
  2558 | D:4      | Noticed a slave
  2559 | D:4      | Noticed Pikel
  2559 | D:4      | Noticed a slave
  2559 | D:4      | Noticed a slave
  2578 | D:3      | Killed a slave
  2713 | D:4      | HP: 1/56 [slave[Pikel] (3)]
  2714 | D:4      | Slain by a slave

Vault maps used:
D:1:      dpeg_arrival_rhombi
D:2:      tgw_trog, uniq_sigmund, uniq_natasha
D:3:      kennysheep_potato
D:4:      first_ration, small_statue_intersection, uniq_pikel

Skill      XL: |  1  2  3  4 |
---------------+-------------+-----
Armour         | 4 5 |  5.4
Fighting       | 4 5 |  5.4
Shields        | 4 5 |  5.4
Axes           | 3 4 |  4.7

Action                   |  1- 3 |  4- 6 || total
-------------------------+-------+-------++-------
Melee: War axe           |    83 |   118 ||   201
       Headbutt          |    14 |    18 ||    32
  Eat: Chunk             |     1 |     5 ||     6
Armor: Chain mail        |    56 |    82 ||   138
Dodge: Dodged            |    26 |    33 ||    59
Block: Shield            |    49 |    85 ||   134

Table legend:
 A = Spawn XP
 B = Non-spawn XP
 C = Spawn XP percentage of total XP
 D = Spawn monster count
 E = Non-spawn monster count
 F = Spawn count percentage of total count
 G = Total turns spent on level
                    A         B        C        D         E        F      G
               +---------+---------+-------+---------+---------+-------+---------
         Total |       0 |     585 |   0.0 |       0 |      76 |   0.0 |  2714
               +---------+---------+-------+---------+---------+-------+---------
           D:1 |       0 |      34 |   0.0 |       0 |      18 |   0.0 |   783
           D:2 |       0 |     431 |   0.0 |       0 |      34 |   0.0 |   934
           D:3 |       0 |     120 |   0.0 |       0 |      24 |   0.0 |   979
               +---------+---------+-------+---------+---------+-------+---------
